 Dungeon Crawl Stone Soup version 0.25.1-2-g60ff931df9 (webtiles) character file.

Game seed: 3692054148861321612

112 hawla the Chopper (level 4, -5/41 HPs)
             Began as a Hill Orc Monk on Oct 18, 2020.
             Slain by a river rat (7 damage)
             ... on level 3 of the Dungeon.
             The game lasted 00:05:07 (2709 turns).

hawla the Chopper (Hill Orc Monk)                   Turns: 2709, Time: 00:05:08

Health: -5/41      AC:  3    Str: 14    XL:     4   Next: 93%
Magic:  4/4        EV: 13    Int: 16    God:
Gold:   68         SH:  0    Dex: 13    Spells: 3/3 levels left

rFire    . . .     SeeInvis .   a - +0 hand axe
rCold    . . .     Gourm    .   (no shield)
rNeg     + . .     Faith    .   b - +1 robe
rPois    .         Spirit   .   (no helmet)
rElec    .         Reflect  .   (no cloak)
rCorr    .         Harm     .   (no gloves)
MR       .....                  (no boots)
Stlth    ++........             (no amulet)
HPRegen  0.13/turn              d - ring of positive energy
MPRegen  0.09/turn              e - +6 ring of intelligence

@: flying, hasted, very quick
A: no striking features
a: no special abilities


You were on level 3 of the Dungeon.
You were not hungry.

You visited 1 branch of the dungeon, and saw 3 of its levels.

You collected 68 gold pieces.

Inventory:

Hand Weapons
 a - a +0 hand axe (weapon)
Armour
 b - a +1 robe (worn)
Jewellery
 d - a ring of positive energy (left hand)
 e - a +6 ring of intelligence (right hand)
Scrolls
 i - a scroll of identify
 m - a scroll of remove curse
Potions
 k - a potion of mutation {unknown}
 l - 2 potions of heal wounds {unknown}
Comestibles
 c - 2 rations
 g - 3 chunks of flesh


   Skills:
 + Level 4.3 Fighting
 + Level 5.4 Axes
 * Level 3.4 Dodging
 - Level 1.5 Stealth


You had 3 spell levels left.
You didn't know any spells.
Your spell library was empty.

Dungeon Overview and Level Annotations

Branches:
Dungeon (3/15)

Altars:

Portals:
Sewer: D:3


Message History

The river rat bites you.
* * * LOW HITPOINT WARNING * * *
You hit the river rat.
The river rat is severely wounded.
The river rat bites you!
* * * LOW HITPOINT WARNING * * *
It was a potion of flight.
You feel very buoyant.
You fly up into the air.
The river rat bites you but does no damage.
It was a potion of haste.
You feel yourself speed up.
You hear the rapid rusting of a drain.
The river rat barely misses you.
You hit the river rat but do no damage.
The river rat is severely wounded.
The river rat closely misses you.
You hit the river rat but do no damage.
The river rat is severely wounded.
The river rat bites you!
You die...

### ### #.######..
##≈######≈###.........
#≈≈≈≈≈÷≈≈≈≈#..####....
#≈≈≈####≈≈≈#..####....
##≈##≈≈##≈###!#.....%.
#≈#≈∩≈≈#≈# #..##....
#≈#≈≈≈≈#≈# ##.......
##≈##r≈##≈####.######.
#≈≈≈#@≈#≈≈≈##.## #.
#≈≈≈≈≈≈#≈≈≈#.## #.
##≈######≈##..## ###
#.#....## ##.[.!..$##
#.........#
#.........#
#........<#
##.....(.##


You could see a river rat.

Vanquished Creatures
  An adder (D:3)
  A river rat (D:3)
  4 dart slugs (D:1)
  A worm (D:2)
  A leopard gecko (D:3)
  5 orcs (D:3)
  4 bats
  4 giant cockroaches
  10 goblins
  11 hobgoblins
  12 jackals (D:1)
  3 kobolds
  A ball python (D:3)
  A frilled lizard (D:1)
  9 rats
68 creatures vanquished.

Notes
Turn   | Place    | Note
-------+----------+-------------------------------------------
     0 | D:1      | hawla the Hill Orc Monk began the quest for the Orb.
     0 | D:1      | Reached XP level 1. HP: 19/19 MP: 1/1
   106 | D:1      | Reached XP level 2. HP: 11/27 MP: 2/2
   712 | D:1      | Reached XP level 3. HP: 33/33 MP: 3/3
  1410 | D:1      | Reached XP level 4. HP: 39/40 MP: 4/4
  1841 | D:2      | Reached skill level 5 in Axes
  2684 | D:3      | Found a glowing drain.
  2705 | D:3      | HP: 2/41 [river rat (7)]
  2709 | D:3      | Slain by a river rat

Illustrated notes

Levels and vault maps discovered:
D:1:      mrwooster_arrival_statue_2, layout_basic
D:2:      layout_basic
D:3:      layout_loops_cross, hellmonk_ghost_happy_afterlife, first_ration,
          gup_sewer_entry_bubbles

Skill      XL: |  1  2  3  4 |
---------------+-------------+-----
Fighting       | 4 |  4.3
Dodging        | 3 |  3.4
Axes           | 5 |  5.4
Stealth        | |  1.5

Action                   |  1- 3 |  4- 6 || total
-------------------------+-------+-------++-------
Melee: Hand axe          |   136 |   137 ||   273
  Use: Scroll            |       |     4 ||     4
       Potion            |       |     3 ||     3
 Stab: Sleeping          |     2 |       ||     2
  Eat: Chunk             |     2 |     3 ||     5
       Ration            |       |     1 ||     1
Armor: Robe              |    26 |    23 ||    49
Dodge: Dodged            |   107 |    82 ||   189
